 Dungeon Crawl Stone Soup version 0.31-a0-876-gfe8ebadbca (webtiles) character file.

Game seed: 15840068022179125180

399 quinnr the Gusty (level 6, -1/38 HPs)
             Began as a Tengu Air Elementalist on Oct 13, 2023.
             Was an Initiate of Vehumet.
             Slain by a scorpion (5 damage)
             ... on level 5 of the Dungeon.
             The game lasted 00:06:35 (3894 turns).

quinnr the Gusty (Tengu Air Elementalist)           Turns: 3894, Time: 00:06:36

Health: -1/38      AC:  3    Str:  8    XL:     6   Next: 84%
Magic:  1/10       EV: 12    Int: 18    God:    Vehumet [......]
Gold:   257        SH:  0    Dex: 14    Spells: 1/9 levels left

rFire   . . .        n - +0 glaive (venom)
rCold   . . .        (shield currently unavailable)
rNeg    . . .        a - +0 robe
rPois   .            (helmet restricted)
rElec   .            (no cloak)
rCorr   .            j - +0 pair of gloves
SInv    .            (boots unavailable)
Will    .....        (no amulet)
Stlth   ++           (no ring)
HPRegen 0.26/turn    (no ring)
MPRegen 0.12/turn

%: acrobat
@: lethally poisoned (-1 -> -5), attractive
A: beak, talons 3, acrobatic
a: Renounce Religion


You were on level 5 of the Dungeon.
You worshipped Vehumet.
Vehumet was noncommittal.
You visited 2 branches of the dungeon, and saw 6 of its levels.

You collected 257 gold pieces.


Innate Abilities, Weirdness & Mutations

You have a beak for a mouth.
You have claws for feet.
You can magically evade attacks while moving or waiting.


   Skills:
 - Level 4.1 Fighting
 - Level 2.1 Dodging
 - Level 2.0 Stealth
 - Level 2.2 Spellcasting
 - Level 1.3 Conjurations
 + Level 7.7 Air Magic


You had one spell level left.
You knew the following spells:

 Your Spells              Type           Power      Damage    Failure   Level
a - Airstrike             Air            15%        2d(3-19)  7%          4
i - Swiftness             Air            30%        N/A       2%          3
z - Shock                 Conj/Air       72%        1d7       2%          1

Your spell library contained the following spells:

 Spells                   Type           Power      Damage    Failure   Level
 Static Discharge         Conj/Air       36%        2-4/arc   4%          2

Inventory:

Hand Weapons
 n - a +0 glaive of venom (weapon)
Missiles
 q - 2 throwing nets {=f}
Armour
 a - a +0 robe (worn)
 j - a +0 pair of gloves (worn)
Scrolls
 d - 9 scrolls of identify {unknown}
 g - a scroll of blinking
 h - a scroll of fog {unknown}
 l - a scroll of poison {unknown}
 m - a scroll of amnesia {unknown}
 p - a scroll of teleportation {unknown}
Potions
 b - a potion of magic
 c - 3 potions of haste {@q3}
 e - 2 potions of attraction
 f - a potion of lignification {unknown}
 i - a potion of heal wounds {unknown}
 k - a potion of degeneration {unknown}
 o - a potion of curing {@q1}

Dungeon Overview and Level Annotations

Branches:
Dungeon (5/15)             Temple (1/1) D:4

Altars:
Cheibriados
Elyvilon
Fedhas
Gozag
Hepliaklqana
Kikubaaqudgha
Makhleb
Nemelex Xobeh
Okawaru
Qazlal
Ru
Sif Muna
Trog
Vehumet
Wu Jian
Xom
Yredelemnul
Zin
The Shining One

Annotations:
D:2 1 runed translucent door, Crazy Yiuf
D:3 2 transporters, Grinder; Sirjeffry24's ghost, amateur DsFi
D:4 2 transporters, gribnar's ghost, amateur OpSh

##.#
##....#####.#
#. ##..## ###
..# ##....# .
... ##.....##
....###.......#
#......####...#
##..#..## #...#
#. ##..# ##...
# #.@## #..
##s.## .# ##.†#
#†.# #...#
##.... .....
.#...# ..#..#


You could see a scorpion.


Message History

Aiming: Shock (safe; 2% risk of failure)
Press: ? - help, Shift-Dir - straight line The zap hits the scorpion.
The scorpion is lightly wounded.
The zap misses the scorpion.
The scorpion stings you.
* * * LOW HITPOINT WARNING * * *
You are lethally poisoned!
The scorpion poisons you! The scorpion barely misses you.
Casting: Shock (safe; 2% risk of failure)
Confirm with . or Enter, or press ? or * to list all spells.
Aiming: Shock (safe; 2% risk of failure)
Press: ? - help, Shift-Dir - straight line The zap hits the scorpion.
The scorpion is moderately wounded.
The zap hits the scorpion.
The scorpion is heavily wounded.
* * * LOW HITPOINT WARNING * * *
You feel sick. The scorpion misses you.
Unknown command.
Casting: Shock (safe; 2% risk of failure)
Confirm with . or Enter, or press ? or * to list all spells.
Aiming: Shock (safe; 2% risk of failure)
Press: ? - help, Shift-Dir - straight line The zap hits the scorpion but does no damage.
The scorpion is heavily wounded.
The zap hits the scorpion.
The scorpion is heavily wounded.
* * * LOW HITPOINT WARNING * * *
You feel sick. The scorpion stings you.
You die...

Skill      XL: |  1  2  3  4  5  6 |
---------------+-------------------+-----
Air Magic      | 5 6 7 |  7.7
Fighting       | 1 2 3 4 |  4.1
Dodging        | |  2.1
Stealth        | |  2.0
Spellcasting   | |  2.2
Conjurations   | |  1.3

Action                     |  1- 3 |  4- 6 || total
---------------------------+-------+-------++-------
  Melee: Unarmed           |     1 |     2 ||     3
         Kick              |     1 |     3 ||     4
         Glaive            |       |     6 ||     6
   Cast: Shock             |    43 |   128 ||   171
         Airstrike         |       |     2 ||     2
    Use: Potion            |     1 |     2 ||     3
         Scroll            |       |     1 ||     1
 Armour: Robe              |    15 |    24 ||    39
  Dodge: Dodged            |    12 |    22 ||    34

Levels and vault maps discovered:
D:1:      eino_arrival_water_cross, layout_loops_corners
D:2:      layout_rooms, minmay_misc_feat_iff, minmay_misc_feat_tower,
          uniq_crazy_yiuf_cottage
D:3:      layout_basic, cheibrodos_ashenzari_chains, gammafunk_ghost_arena,
          uniq_grinder
D:4:      layout_loops_ring, temple_statues, gammafunk_ghost_arena
D:5:      kb_forest_paths, layout_layer_cave, hex_tiny
Temple:   nicolae_temple_bog_church

Notes
Turn   | Place    | Note
-------+----------+-------------------------------------------
     0 | D:1      | quinnr the Tengu Air Elementalist began the quest for the
                  | Orb.
     0 | D:1      | Reached XP level 1. HP: 10/10 MP: 4/4
    52 | D:2      | Noticed an orc wizard
    66 | D:1      | HP: 1/10 [gnoll/+0 whip (6)]
    81 | D:1      | Reached XP level 2. HP: 4/15 MP: 0/6
   235 | D:1      | Reached skill level 5 in Air Magic
   833 | D:1      | Reached skill level 1 in Fighting
  1053 | D:2      | Reached XP level 3. HP: 20/20 MP: 2/7
  1139 | D:1      | Reached skill level 2 in Fighting
  1279 | D:2      | Found a runed translucent door.
  1280 | D:2      | Noticed Crazy Yiuf
  1356 | D:2      | Reached XP level 4. HP: 27/27 MP: 4/8
  1454 | D:2      | Reached skill level 3 in Fighting
  1655 | D:2      | Reached XP level 5. HP: 30/33 MP: 0/9
  1763 | D:2      | Reached skill level 4 in Fighting
  2347 | D:3      | Found a transporter.
  2383 | D:3      | Noticed Sirjeffry24's ghost (amateur DsFi)
  2499 | D:3      | Found a transporter.
  2610 | D:3      | Noticed Grinder
  2784 | D:3      | Learned a level 4 spell: Airstrike
  2788 | D:3      | Learned a level 3 spell: Swiftness
  2914 | D:4      | Found a transporter.
  2914 | D:4      | Noticed gribnar's ghost (amateur OpSh)
  2917 | D:4      | Found a transporter.
  3284 | D:4      | Noticed a phantom
  3306 | D:4      | Killed a phantom
  3307 | D:4      | Reached skill level 6 in Air Magic
  3307 | D:4      | Reached XP level 6. HP: 38/38 MP: 2/10
  3476 | D:4      | Found a staircase to the Ecumenical Temple.
  3538 | Temple   | Entered the Ecumenical Temple
  3556 | Temple   | Became a worshipper of Vehumet
  3684 | D:5      | Entered Level 5 of the Dungeon
  3688 | D:5      | Reached skill level 7 in Air Magic
  3840 | D:5      | Identified the +0 ring mail "Oxzicson" {Regen+ Str+2}
  3894 | D:5      | Slain by a scorpion

Vanquished Creatures
  A phantom (D:4)
  A hound (D:5)
  An iguana (D:5)
  4 orc wizards
  4 gnolls
  6 adders
  A dart slug (D:4)
  9 orcs
  2 endoplasms
  5 giant cockroaches
  6 goblins
  3 hobgoblins
  3 jackals (D:1)
  3 kobolds
  6 quokkas
  6 ball pythons
  4 bats
  3 rats
68 creatures vanquished.

Table legend: (Time is in decaauts)
 A = Elapsed time spent in this place.
 B = Non-inter-level travel time spent in this place.
 C = Inter-level travel time spent in this place.
 D = Time resting spent in this place.
 E = Time spent auto-exploring this place.
 F = Levels seen in this place.
 G = Mean time per level.
                   A        B        C        D        E       F      G
               +--------+--------+--------+--------+--------+-----+--------+
         Total |   3880 |   3611 |    269 |     87 |   3054 |   6 |  646.7 |
       Dungeon |   3843 |   3610 |    233 |     87 |   3054 |   5 |  768.6 |
        Temple |     36 |      1 |     35 |      0 |      0 |   1 |   36.0 |
               +--------+--------+--------+--------+--------+-----+--------+

Top non-repeatable levels by time:
     D:1: 1276 daAuts
     D:2: 1050 daAuts
     D:4: 786 daAuts
     D:3: 553 daAuts
     D:5: 176 daAuts
  Temple: 36 daAuts

Table legend:
 A = Non-vault XP
 B = Vault XP
 C = Vault XP percentage of total XP
 D = Non-vault monster count
 E = Vault monster count
 F = Vault count percentage of total count
                 A         B        C        D         E       F
            +---------+---------+-------+---------+---------+-------
      Total |     571 |       0 |   0.0 |      68 |       0 |   0.0
            +---------+---------+-------+---------+---------+-------
        D:1 |      70 |       0 |   0.0 |      13 |       0 |   0.0
        D:2 |     157 |       0 |   0.0 |      24 |       0 |   0.0
        D:3 |      24 |       0 |   0.0 |      13 |       0 |   0.0
        D:4 |     148 |       0 |   0.0 |      11 |       0 |   0.0
        D:5 |     172 |       0 |   0.0 |       7 |       0 |   0.0
            +---------+---------+-------+---------+---------+-------

Levels and vault maps discovered:
D:1:      eino_arrival_water_cross, layout_loops_corners
D:2:      layout_rooms, minmay_misc_feat_iff, minmay_misc_feat_tower,
          uniq_crazy_yiuf_cottage
D:3:      layout_basic, cheibrodos_ashenzari_chains, gammafunk_ghost_arena,
          uniq_grinder
D:4:      layout_loops_ring, temple_statues, gammafunk_ghost_arena
D:5:      kb_forest_paths, layout_layer_cave, hex_tiny
Temple:   nicolae_temple_bog_church
